 Dungeon Crawl Stone Soup version 0.21-a0-150-gc243083 (webtiles) character file.

16 FinalAngel the Insei (level 2, -1/21 HPs)
             Began as a Gnoll Transmuter on July 29, 2017.
             Slain by an adder (3 damage)
             ... on level 2 of the Dungeon.
             The game lasted 00:03:05 (757 turns).

FinalAngel the Insei (Gnoll Transmuter)              Turns: 757, Time: 00:03:06

Health: -1/21      AC:  2    Str:  7    XL:     2   Next: 58%
Magic:  6/6        EV: 12    Int:  7    God:
Gold:   66         SH:  0    Dex:  7    Spells: 6/7 levels left

rFire    . . .     SeeInvis .     - Unarmed
rCold    . . .     Gourm    .   (no shield)
rNeg     . . .     Faith    .   b - +0 robe
rPois    .         Spirit   .   (no helmet)
rElec    .         Reflect  .   (no cloak)
rCorr    .         Harm     .   (no gloves)
MR       .....                  (no boots)
Stlth    +.........             (no amulet)
HPRegen  0.07/turn              (no ring)
MPRegen  0.10/turn              (no ring)

@: lethally poisoned (-1 -> -14), appendage (expiring)
A: unchanging attributes, fangs 1, horns 2, strong nose
a: End Transformation


You were on level 2 of the Dungeon.
You were not hungry.
You had grown temporary horns.
You visited 1 branch of the dungeon, and saw 2 of its levels.

You collected 66 gold pieces.

Inventory:

Missiles
 a - 33 arrows
Armour
 b - a +0 robe (worn)
Scrolls
 e - a scroll of remove curse
 f - a scroll of blinking {unknown}
Books
 c - a book of Changes
Comestibles
 d - a bread ration {@e1}
 h - a chunk of flesh {@w0}


   Skills:
 - Level 1.3 Fighting
 - Level 2.6 Dodging
 + Level 4.5 Unarmed Combat
 - Level 3.0 Spellcasting
 + Level 3.5 Transmutations


You had 6 spell levels left.
You knew the following spells:

 Your Spells              Type           Power        Failure   Level  Hunger
a - Beastly Appendage     Tmut           #.....       9%          1    ##.....


Dungeon Overview and Level Annotations

Branches:
Dungeon (2/15)

Altars:


Innate Abilities, Weirdness & Mutations

Your physical attributes are unchanging.
You have very sharp teeth.
Your uncanny sense of smell can sniff out nearby items.
You have a pair of horns on your head.


Message History

You closely miss the bat. The bat hits you.
You take 1 damage, and have 17/21 hp.
Your transformation is almost over.
The bat hits you.
You take 1 damage, and have 16/21 hp.
You closely miss the bat. The bat hits you.
The bat hits you but does no damage.
You take 1 damage, and have 15/21 hp.
MP restored: 6 You closely miss the bat.
Your punch misses the bat. The bat hits you but does no damage.
The bat closely misses you.
You miss the bat. The bat barely misses you.
You miss the bat. The bat closely misses you. x2
The bat closely misses you.
You closely miss the bat. Your kick misses the bat. The bat closely misses you.
You hit the bat.
You kill the bat!
No target in view!
No target in view!
Your talons disappear.
You see here a bat corpse.
You butcher the bat corpse.
h - a chunk of flesh {@w0} You now have 66 gold pieces (gained 14).
A giant cockroach comes into view.
A giant cockroach is nearby!
A giant cockroach is nearby!
A giant cockroach is nearby!
An adder comes into view.
The adder hisses angrily.
The giant cockroach bites you.
You take 1 damage, and have 16/21 hp.
You hit the giant cockroach.
You punch the giant cockroach, but do no damage.
The giant cockroach closely misses you.
You hit the giant cockroach. The giant cockroach closely misses you.
You hit the giant cockroach.
You kill the giant cockroach!
You miss the adder. The adder barely misses you.
You miss the adder. The adder bites you.
You take 5 damage, and have 11/21 hp.
MASSIVE DAMAGE!!
You grow a pair of large bovine horns.
The adder barely misses you. The adder misses you.
You now have 5/6 mp.
You barely miss the adder. You bite the adder, but do no damage.
The adder closely misses you.
You hit the adder. Your headbutt misses the adder. The adder bites you.
You are poisoned.
The adder poisons you!
You take 2 damage, and have 9/21 hp.
You hit the adder.
You feel sick. The adder misses you.
You take 1 damage, and have 8/21 hp.
You closely miss the adder. The adder closely misses you.
You hit the adder but do no damage.
You feel sick. The adder bites you.
* * * LOW HITPOINT WARNING * * *
You are lethally poisoned!
The adder poisons you! The adder barely misses you.
You take 3 damage, and have 5/21 hp.
It was a potion of heal wounds.
You feel much better.
You feel sick. The adder misses you.
You regained 15 hp, and now have 20/21 hp.
You miss the adder. The adder closely misses you.
You hit the adder but do no damage.
You feel sick. The adder bites you.
You take 4 damage, and have 16/21 hp.
You closely miss the adder.
Your transformation is almost over.
You feel sick. The adder bites you.
You are more poisoned.
The adder poisons you! The adder bites you.
You take 6 damage, and have 10/21 hp.
MASSIVE DAMAGE!!
As you read the scroll labeled QAXUIS LI LYEN, it crumbles to dust.
You feel blessed for a moment.
It was a scroll of remove curse.
You feel sick. The adder bites you.
You are more poisoned.
The adder poisons you!
You take 3 damage, and have 7/21 hp.
MP restored: 6 You closely miss the adder.
* * * LOW HITPOINT WARNING * * *
You feel sick. The adder barely misses you.
You take 1 damage, and have 6/21 hp.
You closely miss the adder.
* * * LOW HITPOINT WARNING * * *
You feel sick. The adder closely misses you.
You take 1 damage, and have 5/21 hp.
You miss the adder.
* * * LOW HITPOINT WARNING * * *
You feel sick. The adder bites you but does no damage.
You take 1 damage, and have 4/21 hp.
You barely miss the adder.
* * * LOW HITPOINT WARNING * * *
You feel sick. The adder barely misses you.
You take 1 damage, and have 3/21 hp.
You miss the adder.
* * * LOW HITPOINT WARNING * * *
You feel sick. The adder bites you.
You die...

##.........#
#.....#...#
#.....##..#
#.....# ..#
#.....###.#
######......#..
.#...........#...
................P♣
......S@.######.
.......(.# ..
##.......# #
..........
...####.... ...
#..... .. #......
∆ #.......


You could see an adder.

Vanquished Creatures
  3 giant cockroaches
  A quokka (D:1)
  2 bats (D:2)
  2 frilled lizards (D:1)
  4 goblins (D:1)
  3 kobolds (D:1)
  A rat (D:1)
16 creatures vanquished.

Notes
Turn   | Place    | Note
-------+----------+-------------------------------------------
     0 | D:1      | FinalAngel the Gnoll Transmuter began the quest for the Orb.
     0 | D:1      | Reached XP level 1. HP: 15/15 MP: 4/4
   153 | D:1      | Reached skill level 3 in Transmutations
   248 | D:1      | Reached XP level 2. HP: 14/21 MP: 4/6
   747 | D:2      | HP: 5/21 [adder (2)]
   754 | D:2      | HP: 5/21 [poisoned by an adder]
   757 | D:2      | HP: 2/21 [poisoned by an adder]
   757 | D:2      | Slain by an adder

Vault maps used:
D:1:      saegor_arrival_simple_d
D:2:      first_bread, serial_park_tiny_1

Skill      XL: |  1 |
---------------+----+-----
Transmutations | 3 |  3.5
Fighting       | |  1.3
Dodging        | |  2.6
Unarmed Combat | |  4.5
Spellcasting   | |  3.0

Action                   || total
-------------------------++-------
Melee: Unarmed           ||    76
       Bite              ||     2
       Punch             ||     1
 Cast: Beastly Appendage ||    11
  Use: Scroll            ||     1
       Potion            ||     1
Armor: Robe              ||    16
Dodge: Dodged            ||    58

Vault maps used:
D:1:      saegor_arrival_simple_d
D:2:      first_bread, serial_park_tiny_1

Table legend:
 A = Turns spent in this place as a percentage of turns spent in the entire game.
 B = Non-inter-level travel turns spent in this place as a percentage of non-inter-level travel turns spent in the entire game.
 C = Inter-level travel turns spent in this place as a percentage of turns spent in this place.
 D = Turns resting spent in this place as a percentage of non-inter-level travel turns spent in this place.
 E = Turns spent auto-exploring this place as a percentage of non-inter-level travel turns spent in this place.
 F = Non-inter-level travel turns spent in this place divided by the number of levels of this place that you've seen.
                   A       B       C       D       E      F
               +-------+-------+-------+-------+-------+----------------------
         Total | 100.0 | 100.0 |   0.8 |   7.5 |   9.5 | 120.5
       Dungeon | 100.0 | 100.0 |   0.8 |   7.5 |   9.5 | 120.5
               +-------+-------+-------+-------+-------+----------------------

Table legend:
 A = Kills in this place as a percentage of kills in entire the game.
 B = Kills by you in this place as a percentage of kills by you in the entire game.
 C = Kills by friends in this place as a percentage of kills by friends in the entire game.
 D = Other kills in this place as a percentage of other kills in the entire game.
 E = Experience gained in this place as a percentage of experience gained in the entire game.
 F = Experience gained in this place divided by the number of levels of this place that you have seen.
                   A       B       C       D       E      F
               +-------+-------+-------+-------+-------+----------------------
         Total | 100.0 | 100.0 |  -nan |  -nan | 100.0 |  12.0
       Dungeon | 100.0 | 100.0 |  -nan |  -nan | 100.0 |  12.0
               +-------+-------+-------+-------+-------+----------------------
